 Dungeon Crawl Stone Soup version 0.25.1-2-g60ff931df9 (webtiles) character file.

Game seed: 12972521981054692764

226 Genodice the Chopper (level 5, -2/41 HPs)
             Began as a Demonspawn Abyssal Knight on Aug 29, 2020.
             Was a Believer of Lugonu.
             Succumbed to an orc's poison
             ... on level 3 of the Dungeon.
             The game lasted 00:32:11 (4614 turns).

Genodice the Chopper (Demonspawn Abyssal Knight)    Turns: 4614, Time: 00:32:12

Health: -2/41      AC: 15    Str: 13    XL:     5   Next: 69%
Magic:  7/7        EV:  9    Int: 14    God:    Lugonu [**....]
Gold:   182        SH:  0    Dex: 12    Spells: 4/4 levels left

rFire    . . .     SeeInvis .   a - +1 hand axe
rCold    . . .     Gourm    .   (no shield)
rNeg     . . .     Faith    .   H - +0 scale mail
rPois    .         Spirit   .   (no helmet)
rElec    .         Reflect  .   (no cloak)
rCorr    .         Harm     .   (no gloves)
MR       .....                  (no boots)
Stlth    ..........             (no amulet)
HPRegen  0.13/turn              (no ring)
MPRegen  0.10/turn              (no ring)

@: lethally poisoned (-2 -> -63), sanguine armour
A: rot immunity, sanguine armour 2
a: Depart the Abyss, Bend Space, Renounce Religion


You were on level 3 of the Dungeon.
You worshipped Lugonu.
Lugonu was pleased with you.
You were not hungry.

You visited 1 branch of the dungeon, and saw 3 of its levels.
You visited the Abyss 1 time.

You collected 182 gold pieces.

Inventory:

Hand Weapons
 a - a +1 hand axe (weapon)
 f - a +0 dagger
 l - a +0 short sword
 p - a +0 dagger
 u - a +0 dagger
 I - a +0 hunting sling
 J - a +0 war axe
Missiles
 c - 67 arrows
 e - 186 stones (quivered)
 k - 23 poisoned darts
Armour
 b - a +0 leather armour
 d - a +0 robe
 i - a +0 ring mail
 t - a +0 buckler
 F - a cursed +0 robe
 H - a +0 scale mail (worn)
Wands
 D - a wand of digging (3)
Scrolls
 n - 4 scrolls of remove curse {unknown}
 o - 3 scrolls of enchant weapon {unknown}
 A - a scroll of magic mapping {unknown}
 C - 2 scrolls of teleportation {unknown}
 E - a scroll of noise {unknown}
 G - a scroll of identify {unknown}
Potions
 j - a potion of magic {unknown}
 m - a potion of brilliance {unknown}
 r - a potion of heal wounds {unknown}
 v - 3 potions of degeneration {unknown}
 w - 2 potions of ambrosia {unknown}
 x - a potion of might {unknown}
 B - a potion of resistance {unknown}


   Skills:
 - Level 3.0 Fighting
 + Level 4.9 Axes
 - Level 1.7 Armour
 - Level 0.8 Dodging
 - Level 1.5 Stealth
 + Level 3.5 Invocations


You had 4 spell levels left.
You didn't know any spells.
Your spell library was empty.

Dungeon Overview and Level Annotations

Branches:
Dungeon (3/15)

Altars:
Yredelemnul


Innate Abilities, Weirdness & Mutations

You are immune to rotting.
When seriously injured, your bleeding wounds create thick armour. (AC +9)


Message History

You hit the orc.
The orc is heavily wounded.
You feel very sick. The orc hits you but does no damage.
You are more poisoned.
You barely miss the orc.
The orc is heavily wounded.
You feel very sick.
The orc hits you with a +2 short sword of venom.
* * * LOW HITPOINT WARNING * * *
You are more poisoned.
You hit the orc.
The orc is heavily wounded.
* * * LOW HITPOINT WARNING * * *
You feel very sick. The orc hits you but does no damage.
You are more poisoned.
* * * LOW HITPOINT WARNING * * *
You feel very sick.
You die...

#.#. #####
#.#. ####...
##.#.
####.##.##.#
#####....
.......o)o.#
#........
.........#o#
#.###....
####..####.#
#.# ##...
..... #.#
#.# ###.
#### #@# #.#
#. #.# #.#
###. #.# #.#
#... #.# #.#
#.## #.# #.#
##.## #.#
#.###...#
#.#
#........
#.#
#####...#
#.# ##.##


You could see an orc wizard and an orc.

Vanquished Creatures
  2 orc priests (D:3)
  3 gnolls (D:3)
  5 adders (D:2)
  An ooze (D:2)
  3 worms
  3 dart slugs
  3 leopard geckos (D:1)
  4 orcs (D:3)
  A ball python (D:2)
  2 giant cockroaches (D:2)
  10 hobgoblins
  6 jackals
  8 bats
  2 frilled lizards (D:2)
  5 goblins
  10 kobolds
  6 rats
74 creatures vanquished.

Notes
Turn   | Place    | Note
-------+----------+-------------------------------------------
     0 | Abyss:1  | Genodice the Demonspawn Abyssal Knight began the quest for
                  | the Orb.
     0 | Abyss:1  | Reached XP level 1. HP: 18/18 MP: 2/2
     0 | D:1      | Escaped the Abyss
   256 | D:1      | Reached skill level 2 in Axes
   535 | D:1      | Gained mutation: When seriously injured, your bleeding
                  | wounds create armour. (AC +9) [demonic ancestry]
   535 | D:1      | Reached XP level 2. HP: 17/24 MP: 3/3
  1199 | D:1      | Reached * piety under Lugonu
  1406 | D:1      | Gained mutation: When seriously injured, your bleeding
                  | wounds create thick armour. (AC +9) [demonic ancestry]
  1406 | D:1      | Reached XP level 3. HP: 14/29 MP: 5/5
  1913 | D:2      | Found a basalt altar of Yredelemnul.
  1973 | D:2      | Reached skill level 3 in Axes
  2013 | D:2      | Reached skill level 1 in Stealth
  2568 | D:2      | Reached XP level 4. HP: 34/35 MP: 6/6
  2912 | D:2      | Reached skill level 4 in Axes
  3956 | D:3      | Gained mutation: You are immune to rotting. [demonic
                  | ancestry]
  3956 | D:3      | Reached XP level 5. HP: 22/41 MP: 7/7
  3964 | D:3      | Reached ** piety under Lugonu
  4614 | D:3      | Succumbed to an orc's poison

Illustrated notes

Levels and vault maps discovered:
D:1:      psy_arrival_radial02, layout_loops_ring
D:2:      minmay_recursive_quarters, layout_loops_ring,
          yredelemnul_altar_generic
D:3:      layout_loops_ring, grunt_temple_overflow_diamond,
          eat_drink_and_be_merry_uskayaw, uniq_natasha, uniq_grinder

Skill      XL: |  1  2  3  4 |
---------------+-------------+-----
Axes           | 2 3 4 |  4.9
Invocations    | 3 |  3.5
Stealth        | 1 |  1.5
Fighting       | |  3.0
Armour         | |  1.7
Dodging        | |  0.8

Action                   |  1- 3 |  4- 6 || total
-------------------------+-------+-------++-------
Melee: Hand axe          |   155 |   183 ||   338
Throw: Stone             |     1 |       ||     1
Invok: Depart the Abyss  |     1 |       ||     1
  Eat: Ration            |     2 |       ||     2
       Chunk             |       |     5 ||     5
Armor: Leather armour    |    14 |       ||    14
       Ring mail         |    37 |    45 ||    82
       Scale mail        |       |    27 ||    27
Dodge: Dodged            |    98 |    90 ||   188
